 Dungeon Crawl Stone Soup version 0.19-a0-1920-g83281cb (webtiles) character file.

6060 varam the Grappler (level 10, -2/94 HPs)
             Began as a Troll Monk on Oct 23, 2016.
             Was a High Priest of Trog.
             Slain by a wolf (8 damage)
             ... led by Grum
             ... on level 8 of the Dungeon.
             The game lasted 00:16:20 (6782 turns).

varam the Grappler (Troll Monk)                     Turns: 6782, Time: 00:16:20

Health: -2/94      AC:  7    Str: 17    XL:     10   Next: 57%
Magic:  9/9        EV: 12    Int: 15    God:    Trog [*****.]
Gold:   513        SH:  0    Dex: 14    Spells: 0 memorised, 9 levels left

rFire  . . .     SeeInvis .     w - +11 war axe of Bloody Death {freeze, rElec Str-5 Int+9 Stlth+}
rCold  . . .     Gourm    +     N - +2 robe
rNeg   . . .     Faith    +     (no shield)
rPois  .         Spirit   .     c - +0 hat
rElec  +         Reflect  .     (no cloak)
rCorr  .         Harm     .     (gloves unavailable)
MR     .....                    (boots unavailable)
Stlth  +++.......               F - amulet of faith
                                (no ring)
                                (no ring)

@: no status effects
A: unfitting armour, claws 3, fast metabolism 3, gourmand, regeneration 1,
shaggy fur 1, tough skin 2
a: Berserk, Trog's Hand, Brothers in Arms, Burn Spellbooks, Renounce Religion


You were on level 8 of the Dungeon.
You worshipped Trog.
Trog was extremely pleased with you.
You were near starving.

You visited 1 branch of the dungeon, and saw 8 of its levels.
You also visited: Ossuary.

You collected 513 gold pieces.

Inventory:

Hand Weapons
 p - a +2 whip of holy wrath
 w - the +11 war axe of Bloody Death (weapon) {freeze, rElec Str-5 Int+9 Stlth+}
   (You found it on level 5 of the Dungeon)

   It has been specially enchanted to freeze those struck by it, causing extra
   injury to most foes and up to half again as much damage against particularly
   susceptible opponents.
   It can also slow down cold-blooded creatures.
   It affects your strength (-5).
   It affects your intelligence (+9).
   It insulates you from electricity.
   It makes you more stealthy.
Missiles
 l - 5 javelins of returning (quivered)
 u - 195 stones
 v - 9 large rocks
Armour
 a - a +0 robe
 c - a +0 hat (worn)
 N - a +2 robe (worn)
Jewellery
 F - an amulet of faith (around neck)
 L - a +2 amulet of reflection {unknown}
Scrolls
 i - 5 scrolls of teleportation
 m - 3 scrolls of enchant weapon
 n - 2 scrolls of amnesia
 o - 2 scrolls of fear
 q - a scroll of remove curse {@r2}
 y - 2 scrolls of immolation
 D - 3 scrolls of enchant armour {unknown}
 G - 2 scrolls of fog {unknown}
 H - 3 scrolls of identify {@r1}
 K - a scroll of acquirement {unknown}
Potions
 d - 2 potions of degeneration {unknown}
 e - a potion of beneficial mutation {unknown}
 f - 4 potions of flight {unknown}
 h - a potion of might {unknown}
 j - 3 potions of mutation {unknown}
 k - a potion of ambrosia {unknown}
 s - 2 potions of brilliance {unknown}
 x - 3 potions of curing {unknown}
 A - a potion of berserk rage {unknown}
 C - 4 potions of heal wounds {unknown}
 E - 3 potions of haste {unknown}
 I - 3 potions of resistance {unknown}
 J - 2 potions of cure mutation {unknown}
Books
 z - a book of Minor Magic

   Spells                             Type                      Level
   a - Magic Dart                     Conjuration                  1
   b - Blink                          Translocation                2
   c - Call Imp                       Summoning                    2
   d - Repel Missiles                 Charms/Air                   2
   e - Slow                           Hexes                        2
   f - Conjure Flame                  Conjuration/Fire             3
   g - Mephitic Cloud                 Conjuration/Poison/Air       3
   Trog disapproves of the use of such an item.
Comestibles
 b - 5 bread rations
 g - 4 slices of pizza
 r - a meat ration
 t - 5 fruits
 B - a beef jerky


   Skills:
 + Level 4.3 Fighting
 + Level 7.3 Axes
 * Level 5.2 Throwing
 + Level 5.3 Dodging
 - Level 1.0 Stealth
 * Level 10.1 Unarmed Combat


You had 9 spell levels left.
You didn't know any spells.

Dungeon Overview and Level Annotations

Branches:
Dungeon (8/15)             Temple (0/1) D:7
   Lair: D:8-11

Altars:
Okawaru
Qazlal
Ru
Trog
Xom
Yredelemnul

Shops:
D:5 :   D:6 [   D:8 %

Annotations:
D:8 Grum


Innate Abilities, Weirdness & Mutations

You are too large for most types of armour.
You have claws for hands.
Your metabolism is lightning-fast.
You like to eat raw meat.
Your natural rate of healing is unusually fast.
You are covered in fur. (AC +1)
You have very tough skin. (AC +2)


Message History

The wolf bites you but does no damage.
Keep eating? [Y]es or [N]o only, please.
Keep eating?
You stop eating.
The wolf closely misses you. Grum closely misses you.
The wolf closely misses you.
You start eating one of the 5 bread rations.
The wolf closely misses you. The wolf bites you!
Keep eating?
Grum hits you but does no damage. The wolf closely misses you.
The wolf misses you.
You continue eating.
The wolf bites you. The wolf bites you but does no damage. The wolf bites you.
* * * LOW HITPOINT WARNING * * *
Grum hits you from afar with an enchanted spear!!
* * * LOW HITPOINT WARNING * * *
The wolf closely misses you. The wolf bites you but does no damage.
You continue eating.
The wolf misses you. The wolf bites you!
You die...

.. #. #.#. #...
... ###.#####
#####.......##
.....ghhh....##
#@......#
#.......##
#........#
#........#
#........######
#........##...#
#............##
#............##
##............#


You could see Grum and 3 wolves.

Vanquished Creatures
  Gastronok (D:8)
  Erica (D:8)
  A hill giant (D:6)
  Pikel (D:7)
  The ghost of Nuatha the Covert, a novice SpAK of Lugonu (D:7)
  Eustachio (D:4)
  A hungry ghost (D:7)
  The ghost of varam the Ruffian, an amateur TrMo (D:4)
  2 slaves (D:7)
  A sky beast (D:6)
  2 ogres
  A phantom (D:7)
  2 ice beasts (D:7)
  4 bullfrogs
  2 water moccasin zombies (Ossuary)
  A scorpion (D:5)
  A howler monkey (D:6)
  A crimson imp (D:7)
  A gnoll shaman (D:7)
  4 hounds
  A centaur skeleton (D:5)
  An orc priest (D:5)
  9 orc wizards
  6 worker ants
  2 hound zombies
  2 hound skeletons
  2 mummies (Ossuary)
  A worker ant zombie (D:5)
  Robin (D:4)
  7 gnolls (D:7)
  7 adders
  A shadow imp (D:6)
  An adder skeleton (D:5)
  6 adder zombies (Ossuary)
  6 worms
  4 dart slugs
  6 leopard geckos
  23 orcs
  5 bats
  5 giant cockroaches
  10 goblins
  11 hobgoblins
  11 jackals
  A quokka (D:5)
  3 ball pythons
  9 frilled lizards
  7 gnoll zombies (Ossuary)
  3 hobgoblin zombies (Ossuary)
  A jackal skeleton (D:4)
  8 kobolds
  2 kobold zombies (Ossuary)
  A leopard gecko skeleton (D:4)
  A leopard gecko zombie (D:5)
  7 orc zombies (Ossuary)
  A quokka zombie (D:7)
  6 rats
208 creatures vanquished.

Vanquished Creatures (collateral kills)
  The ghost of p0werm0de the Insei, an amateur DsAs (Ossuary)
  An adder zombie (Ossuary)
  A gnoll zombie (Ossuary)
  A kobold zombie (Ossuary)
4 creatures vanquished.

Vanquished Creatures (others)
  A slave (D:7)
  5 toadstools (D:1)
6 creatures vanquished.

Grand Total: 218 creatures vanquished

Notes
Turn   | Place    | Note
-------+----------+-------------------------------------------
     0 | D:1      | varam the Troll Monk began the quest for the Orb.
     0 | D:1      | Reached XP level 1. HP: 22/22 MP: 0/0
   186 | D:1      | Reached XP level 2. HP: 28/29 MP: 1/1
   210 | D:2      | Found a faded altar of an unknown god.
   237 | D:2      | Became a worshipper of Trog the Wrathful
   237 | D:2      | Reached * piety under Trog
   237 | D:2      | Reached ** piety under Trog
   455 | D:1      | Reached skill level 4 in Unarmed Combat
   478 | D:1      | Reached *** piety under Trog
   757 | D:1      | Reached XP level 3. HP: 36/36 MP: 2/2
  1174 | D:2      | Reached XP level 4. HP: 44/44 MP: 3/3
  1221 | D:2      | Reached skill level 5 in Unarmed Combat
  1985 | D:3      | Received a gift from Trog
  2599 | D:4      | Reached XP level 5. HP: 50/50 MP: 4/4
  2628 | D:4      | Noticed varam's ghost (amateur TrMo)
  2634 | D:4      | Reached skill level 6 in Unarmed Combat
  2643 | D:4      | Killed varam's ghost
  2643 | D:4      | Reached XP level 6. HP: 59/59 MP: 5/5
  2790 | D:4      | Reached skill level 7 in Unarmed Combat
  2802 | D:4      | Noticed Eustachio
  2821 | D:4      | Killed Eustachio
  2821 | D:4      | Reached **** piety under Trog
  2867 | D:4      | Noticed Robin
  2869 | D:4      | Reached XP level 7. HP: 61/66 MP: 6/6
  2889 | D:4      | Killed Robin
  2988 | D:4      | Found a stormy altar of Qazlal.
  2989 | D:4      | Found a shimmering altar of Xom.
  3186 | D:5      | Entered Level 5 of the Dungeon
  3366 | D:5      | Found an iron altar of Okawaru.
  3450 | D:5      | Found a basalt altar of Yredelemnul.
  3483 | D:5      | Found Sokuceup's Book Emporium.
  3546 | D:5      | Reached skill level 8 in Unarmed Combat
  3737 | D:5      | Got a shimmering war axe
  3748 | D:5      | Reached skill level 1 in Throwing
  3750 | D:5      | Identified the +11 war axe of Bloody Death {freeze, rElec Str-5 Int+9 Stlth+} (You found it on level 5 of the Dungeon)
  4055 | D:6      | Found Abbyczid's Antique Armour Emporium.
  4100 | D:6      | Reached XP level 8. HP: 74/74 MP: 7/7
  4152 | D:6      | Reached skill level 1 in Axes
  4279 | D:6      | Noticed a hill giant
  4286 | D:6      | Killed a hill giant
  4286 | D:6      | Reached skill level 9 in Unarmed Combat
  4589 | D:6      | Found a sand-covered staircase.
  4594 | Ossuary  | Entered an ossuary
  4610 | Ossuary  | Noticed p0werm0de's ghost (amateur DsAs)
  4616 | Ossuary  | Killed p0werm0de's ghost
  4716 | Ossuary  | Reached ***** piety under Trog
  4737 | Ossuary  | Reached XP level 9. HP: 61/80 MP: 8/8
  5034 | D:6      | Found a stormy altar of Qazlal.
  5312 | D:7      | Found a staircase to the Ecumenical Temple.
  5767 | D:7      | Found a sacrificial altar of Ru.
  5774 | D:7      | Noticed Pikel
  5783 | D:7      | Noticed Nuatha's ghost (novice SpAK)
  5794 | D:7      | Killed Pikel
  5794 | D:7      | Reached skill level 5 in Axes
  5797 | D:7      | Killed Nuatha's ghost
  5856 | D:7      | Received a gift from Trog
  6253 | D:7      | Reached skill level 5 in Dodging
  6700 | D:8      | Found Zirel's Food Shoppe.
  6702 | D:8      | Noticed Erica
  6703 | D:8      | Noticed Gastronok
  6714 | D:8      | Killed Erica
  6714 | D:8      | Reached XP level 10. HP: 92/92 MP: 9/9
  6720 | D:8      | Killed Gastronok
  6720 | D:8      | Reached skill level 5 in Throwing
  6720 | D:8      | Reached skill level 10 in Unarmed Combat
  6773 | D:8      | Noticed Grum
  6782 | D:8      | Slain by a wolf

Vault maps used:
D:1:      ldierk_walled_garden, amethyst_killhole, minivault_14
D:2:      ecumenical_altar_2
D:4:      gammafunk_temple_overflow_statue, uniq_robin, uniq_eustachio
D:5:      nicolae_overflow_crystal_walls, overflow_temple_1_default,
          first_bread, serial_shops, nicolae_shop_trees,
          kennysheep_generic_room_4
D:6:      enter_ossuary_5, serial_shops, shop, nicolae_qazlal_general_emergency
D:7:      nicolae_ru_sacrificial_ziggurat, kennysheep_windowed_goal, uniq_pikel
D:8:      serial_shops, shop, kennysheep_small_spiral, uniq_grum, uniq_erica,
          uniq_gastronok
Ossuary:  ossuary_tomb_2

Skill      XL: |  1  2  3  4  5  6  7  8  9 10 |
---------------+-------------------------------+-----
Unarmed Combat | 4 5 6 7 8 9 10 | 10.1
Dodging        | 3 4 5 |  5.3
Throwing       | 1 3 4 5 |  5.2
Axes           | 3 6 7 |  7.3
Fighting       | 3 4 |  4.3
Stealth        | |  1.0

Action                   |  1- 3 |  4- 6 |  7- 9 | 10-12 || total
-------------------------+-------+-------+-------+-------++-------
Melee: Unarmed           |    85 |   167 |    92 |       ||   344
       Punch             |     1 |     2 |     9 |     1 ||    13
       War axe           |       |       |   184 |     8 ||   192
Invok: Berserk           |       |     3 |     9 |       ||    12
       Brothers in Arms  |       |       |     1 |       ||     1
  Use: Scroll            |       |       |     7 |       ||     7
 Stab: Sleeping          |     2 |     3 |    10 |       ||    15
       Distracted        |       |     1 |       |       ||     1
  Eat: Chunk             |    16 |    19 |    38 |       ||    73
       Bread ration      |       |       |     1 |       ||     1
       Royal jelly       |       |       |     1 |       ||     1
Armor: Robe              |    38 |    35 |    81 |     4 ||   158
Dodge: Dodged            |    53 |    56 |   171 |    12 ||   292
